 Seeded DCSS version 0.29-a0-775-g4d7333d4e2 (webtiles) character file.

Game seed: 5608337019566272163 (custom seed)

55 happo123 the Shooter (level 3, -7/31 HPs)
             Began as a Minotaur Hunter on July 2, 2022.
             Was an Initiate of Okawaru.
             Mangled by a gnoll
             ... wielding a +0 club
              (9 damage)
             ... on level 3 of the Dungeon.
             The game lasted 00:07:25 (1499 turns).

happo123 the Shooter (Minotaur Hunter)              Turns: 1499, Time: 00:07:26

Health: -7/31      AC:  3    Str: 15    XL:     3   Next: 67%
Magic:  2/2        EV: 12    Int:  6    God:    Okawaru [......]
Gold:   1310       SH:  0    Dex: 15    Spells: 2/2 levels left

rFire   . . .      SeeInvis .   a - +0 shortbow
rCold   . . .      Faith    .   (shield currently unavailable)
rNeg    . . .      Spirit   .   c - +0 leather armour
rPois   .          Reflect  .   (helmet restricted)
rElec   .          Harm     .   (no cloak)
rCorr   .          Rampage  .   (no gloves)
Will    .....                   (no boots)
Stlth   +.........              d - amulet of regeneration
HPRegen 0.90/turn               (no ring)
MPRegen 0.08/turn               (no ring)

@: no status effects
A: horns 2, retaliatory headbutt
a: Renounce Religion


You were on level 3 of the Dungeon.
You worshipped Okawaru.
Okawaru was noncommittal.
You visited 1 branch of the dungeon, and saw 3 of its levels.

You collected 1310 gold pieces.

Inventory:

Hand Weapons
 a - a +0 shortbow (weapon)
Armour
 c - a +0 leather armour (worn)
Jewellery
 d - an amulet of regeneration (around neck)
Scrolls
 b - a scroll of immolation
 e - 2 scrolls of identify
 h - 3 scrolls of fear
 i - a scroll of fog {unknown}
 l - 2 scrolls of enchant armour
 m - a scroll of noise {unknown}
Potions
 f - 2 potions of ambrosia {unknown}
 g - 2 potions of invisibility
 k - a potion of heal wounds {unknown}


   Skills:
 * Level 3.3 Fighting
 + Level 4.8 Ranged Weapons
 + Level 1.4 Armour
 + Level 2.6 Dodging
 - Level 0.7 Stealth
 * Level 0.8 Invocations


You had 2 spell levels left.
You didn't know any spells.
Your spell library contained the following spells:

 Spells                   Type           Power      Damage    Failure   Level
 Ensorcelled Hibernation  Hex/Ice        0%         N/A       67%         2
 Passwall                 Tmut/Erth      0%         N/A       67%         2
 Swiftness                Air            0%         N/A       88%         3


Dungeon Overview and Level Annotations

Branches:
Dungeon (3/15)

Altars:
Okawaru


Innate Abilities, Weirdness & Mutations

You have a pair of horns on your head.
You reflexively headbutt those who attack you in melee.


Message History

You shoot an arrow. The arrow hits the quokka.
You kill the quokka!
Okawaru accepts your kill. Something hits you. x2
Fire: a) +0 shortbow
Press: ? - help, Q - select action Shift-Dir - straight line You shoot an arrow.
Something barely misses you.
Unknown command.
Fire: a) +0 shortbow
Press: ? - help, Q - select action Shift-Dir - straight line You shoot an arrow.
Something barely misses you.
Unknown command.
Fire: a) +0 shortbow
Press: ? - help, Q - select action Shift-Dir - straight line You shoot an arrow.
Something hits you.
Unknown command.
Fire: a) +0 shortbow
Press: ? - help, Q - select action Shift-Dir - straight line You shoot an arrow.
Something hits you. x2
* * * LOW HITPOINT WARNING * * *
Unknown command.
Fire: a) +0 shortbow
Press: ? - help, Q - select action Shift-Dir - straight line, f - you You shoot an arrow.
Something hits you but does no damage.
Fire: a) +0 shortbow
Press: ? - help, Q - select action Shift-Dir - straight line You shoot an arrow.
Something hits you.
* * * LOW HITPOINT WARNING * * *
Unknown command.
Fire: a) +0 shortbow
Press: ? - help, Q - select action Shift-Dir - straight line You shoot an arrow.
Something hits you but does no damage. Something hits you!
You die...

. . #.## #
#.#. .#
#>..###.#
###.......#
#......<#
...##...#
#..@#
......{.#
.......†.
..##.†.... .
...≈≈⌠≈⌠≈
....≈!..[P≈
.....≈.###.⌠.
.....≈. .≈..


There were no monsters in sight!

Vanquished Creatures
  An adder (D:2)
  A worm (D:2)
  2 dart slugs (D:1)
  4 ball pythons
  3 bats (D:1)
  2 endoplasms (D:2)
  A giant cockroach (D:2)
  7 goblins
  4 hobgoblins
  A quokka (D:3)
  2 frilled lizards
  3 kobolds
  5 rats
36 creatures vanquished.

Vanquished Creatures (others)
  A plant (D:3)
1 creature vanquished.

Grand Total: 37 creatures vanquished

Notes
Turn   | Place    | Note
-------+----------+-------------------------------------------
     0 | D:1      | happo123 the Minotaur Hunter began the quest for the Orb.
     0 | D:1      | Reached XP level 1. HP: 18/18 MP: 0/0
   203 | D:1      | Reached XP level 2. HP: 25/25 MP: 1/1
   389 | D:1      | Reached skill level 1 in Armour
   937 | D:2      | Found an iron altar of Okawaru.
   945 | D:2      | Became a worshipper of Warmaster Okawaru
   955 | D:2      | Reached XP level 3. HP: 31/31 MP: 2/2
  1473 | D:2      | Identified a scroll of acquirement
  1476 | D:2      | Acquired 1200 gold pieces
  1498 | D:3      | HP: 1/31 [something (6)]
  1499 | D:3      | Mangled by a gnoll

Illustrated notes

Levels and vault maps discovered:
D:1:      lightli_arrival_quake, layout_loops_corners
D:2:      layout_loops_ring, basic_altar
D:3:      layout_rooms, mainiacjoe_overflow_paths,
          shapermc_ecumenical_altar_acropolis, uniq_ijyb

Skill      XL: |  1  2 |
---------------+-------+-----
Fighting       | 3 |  3.3
Armour         | 1 |  1.4
Ranged Weapons | |  4.8
Dodging        | |  2.6
Stealth        | |  0.7
Invocations    | |  0.8

Action                   || total
-------------------------++-------
 Fire: Shortbow          ||   100
  Use: Scroll            ||     5
Armor: Leather armour    ||     7
Dodge: Dodged            ||    21

Table legend: (Time is in decaauts)
 A = Elapsed time spent in this place.
 B = Non-inter-level travel time spent in this place.
 C = Inter-level travel time spent in this place.
 D = Time resting spent in this place.
 E = Time spent auto-exploring this place.
 F = Levels seen in this place.
 G = Mean time per level.
                   A        B        C        D        E       F      G
               +--------+--------+--------+--------+--------+-----+--------+
         Total |   1527 |   1489 |     38 |      0 |   1275 |   3 |  509.0 |
       Dungeon |   1527 |   1489 |     38 |      0 |   1275 |   3 |  509.0 |
               +--------+--------+--------+--------+--------+-----+--------+

Top non-repeatable levels by time:
     D:1: 866 daAuts
     D:2: 636 daAuts
     D:3: 24 daAuts
